 Dungeon Crawl Stone Soup version 0.19.4-8-ga85b6b9 (webtiles) character file.

954 Gargoyl the Skirmisher (level 8, -5/73 HPs)
             Began as a Ghoul Abyssal Knight on Feb 15, 2017.
             Was a Believer of Lugonu.
             Hit by a tomahawk thrown by an orc warrior (15 damage)
             ... on level 3 of the Dungeon.
             The game lasted 00:04:35 (1807 turns).

Gargoyl the Skirmisher (Ghoul Abyssal Knight)       Turns: 1807, Time: 00:04:35

Health: -5/73      AC: 12    Str: 13 (16) XL:     8   Next: 14%
Magic:  10/10      EV:  9    Int:  5 (7)  God:    Lugonu [**....]
Gold:   161        SH:  0    Dex:  9 (10) Spells: 0 memorised, 7 levels left

rFire  . . .     SeeInvis .     a - +1 hand axe
rCold  + . .     Gourm    .     j - +0 scale mail
rNeg   + + +     Faith    .     (no shield)
rPois  ∞         Spirit   .     (no helmet)
rElec  .         Reflect  .     (no cloak)
rCorr  .         Harm     .     h - +1 pair of gloves
MR     .....                    g - +2 pair of boots
Stlth  ..........               f - amulet of regeneration
                                (no ring)
                                (no ring)

@: flying, rotting
A: rotting body, claws 1, carnivore 3, cold resistance 1, negative energy
resistance 3, slow regeneration 1, torment resistance, unbreathing
a: Depart the Abyss, Bend Space, Renounce Religion


You were on level 3 of the Dungeon.
You worshipped Lugonu.
Lugonu was pleased with you.
You were not hungry.

You visited 1 branch of the dungeon, and saw 3 of its levels.
You visited the Abyss 1 time.

You collected 161 gold pieces.

Inventory:

Hand Weapons
 a - a +1 hand axe (weapon)
Armour
 g - a +2 pair of boots (worn)
 h - a +1 pair of gloves (worn)
 j - a +0 scale mail (worn)
 n - a +0 ring mail
Jewellery
 f - an amulet of regeneration (around neck)
Wands
 d - a wand of teleportation (2/9)
 l - a wand of flame (25/48)
Scrolls
 e - a scroll of amnesia
 p - a scroll of fear {unknown}
Potions
 b - 2 potions of degeneration
Comestibles
 c - a meat ration
 i - a chunk of flesh
 k - a royal jelly
 m - a beef jerky


   Skills:
 + Level 7.5 Fighting
 + Level 3.9 Axes
 * Level 3.7 Armour
 + Level 1.4 Dodging
 * Level 4.3 Invocations


You had 7 spell levels left.
You didn't know any spells.

Dungeon Overview and Level Annotations

Branches:
Dungeon (3/15)

Altars:


Innate Abilities, Weirdness & Mutations

Your body is rotting away.
You thrive on raw meat.
You are immune to poison.
You have sharp fingernails.
You are carnivorous and can eat meat at any time.
Your flesh is cold resistant. (rC+)
You are immune to negative energy. (rN+++)
You regenerate slowly when monsters are visible.
You are immune to unholy pain and torment.
You can survive without breathing.


Message History

The orc warrior barely misses you.
It was a potion of flight.
You feel very buoyant.
You fly up into the air.
The orc warrior hits you with a battleaxe!!
* * * LOW HITPOINT WARNING * * *
Okay, then.
Unknown command.
The orc warrior throws a tomahawk.
The tomahawk hits you but does no damage.
You see here 3 tomahawks.
The orc warrior throws a tomahawk.
The tomahawk hits you!
* * * LOW HITPOINT WARNING * * *
You see here a tomahawk.
The orc warrior throws a tomahawk.
The tomahawk hits you but does no damage.
You see here a tomahawk.
The orc warrior throws a tomahawk.
The tomahawk barely misses you.
The orc warrior throws a tomahawk.
The tomahawk hits you!
You die...

#.#########.#
#.........#.#
#.#.#..#.....(#.#
#.#.#.........#.#
###+#+#.#.#....####.#.#
#.......#.#....# #.#.#
#.......#.#....####.#.#
#.......#.#...<.....#.#
##.......#.#@.########.#
......o>(((..(.........#
####+##.##.#..##########
.................<
.......#############
.......... .#........)
....##.##### .... ...


You could see an orc warrior.

Vanquished Creatures
  The ghost of maxonian the Sneak, an amateur NaFi (D:3)
  4 adders
  A dart slug (D:1)
  3 leopard geckos
  2 orcs (D:3)
  4 giant cockroaches
  3 goblins
  5 hobgoblins
  A quokka (D:2)
  A ball python (D:1)
  6 bats
  2 frilled lizards
  5 kobolds
  9 rats
47 creatures vanquished.

Vanquished Creatures (collateral kills)
  A blizzard demon (Abyss:2)
  A worldbinder (Abyss:2)
  A smoke demon (Abyss:2)
3 creatures vanquished.

Grand Total: 50 creatures vanquished

Notes
Turn   | Place    | Note
-------+----------+-------------------------------------------
     0 | Abyss:1  | Gargoyl the Ghoul Abyssal Knight began the quest for the Orb.
     0 | Abyss:1  | Reached XP level 1. HP: 19/19 MP: 1/1
     0 | Abyss:1  | Found a corrupted altar of Lugonu.
    36 | Abyss:2  | Found a corrupted altar of Lugonu.
    59 | Abyss:2  | Found a corrupted altar of Lugonu.
    82 | Abyss:2  | Found a sparkling altar of Nemelex Xobeh.
    96 | Abyss:2  | Noticed a worldbinder
   102 | Abyss:2  | Noticed a swamp drake
   103 | Abyss:2  | Noticed a swamp drake
   105 | Abyss:2  | Killed a worldbinder
   105 | Abyss:2  | Reached skill level 5 in Fighting
   105 | Abyss:2  | Reached skill level 1 in Dodging
   105 | Abyss:2  | Reached XP level 2. HP: 29/29 MP: 1/3
   105 | Abyss:2  | Reached XP level 3. HP: 36/36 MP: 1/4
   105 | Abyss:2  | Reached XP level 4. HP: 42/42 MP: 1/5
   105 | Abyss:2  | Reached XP level 5. HP: 48/48 MP: 1/6
   106 | Abyss:2  | Noticed a smoke demon
   108 | Abyss:2  | Noticed a blizzard demon
   113 | Abyss:2  | Killed a smoke demon
   113 | Abyss:2  | Reached XP level 6. HP: 34/57 MP: 1/7
   119 | Abyss:2  | Killed a blizzard demon
   119 | Abyss:2  | Reached skill level 7 in Fighting
   119 | Abyss:2  | Reached XP level 7. HP: 16/66 MP: 2/8
   142 | D:1      | Escaped the Abyss
   859 | D:1      | Reached * piety under Lugonu
  1559 | D:2      | Reached ** piety under Lugonu
  1698 | D:3      | Noticed maxonian's ghost (amateur NaFi)
  1731 | D:3      | Killed maxonian's ghost
  1731 | D:3      | Reached XP level 8. HP: 48/73 MP: 10/10
  1807 | D:3      | Hit by a tomahawk thrown by an orc warrior

Skill      XL: |  1  2  3  4  5  6  7 |
---------------+----------------------+-----
Fighting       | 5 7 |  7.5
Axes           | 2 3 |  3.9
Armour         | 2 3 |  3.7
Dodging        | 1 |  1.4
Invocations    | 3 4 |  4.3

Action                   |  1- 3 |  4- 6 |  7- 9 || total
-------------------------+-------+-------+-------++-------
Melee: Hand axe          |       |       |   163 ||   163
Invok: Depart the Abyss  |       |       |     1 ||     1
  Use: Scroll            |     2 |       |     7 ||     9
       Potion            |       |       |     2 ||     2
  Eat: Chunk             |       |       |    13 ||    13
Armor: Scale mail        |       |       |   130 ||   130
       Leather armour    |       |       |     6 ||     6
Dodge: Dodged            |     1 |     1 |   140 ||   142
